[Event "Live Chess"]
[Site "Chess.com"]
[Date "2023.09.16"]
[Round "-"]
[White "lgomessc"]
[Black "CauaLopes12"]
[Result "0-1"]
[WhiteElo "1134"]
[BlackElo "1332"]
[TimeControl "900+5"]
[EndTime "7:45:26 PDT"]
[Termination "CauaLopes12 venceu por xeque-mate"]

1. e4 e5 2. Nf3 Nf6 3. Nc3 Nc6 4.
Bc4 Nxe4 5. Nxe4 d5 6. Bxd5 Qxd5 7. Nc3 Qd6 8. Nb5 Qd8 9. d3 Bg4 10. Bg5 Bxf3 11. Qxf3 Qd7 12. O-O Be7 13. Bxe7 Qxe7 14. Rfe1 O-O 15. d4 Qb4 16. Qb3 Qxb3 17. axb3 Nxd4 18. Nxd4 exd4 19. Re4 c5 20. Ra5 b6 21. Ra1 a5 22. Re7 Rab8 23. c4 dxc3 24. bxc3 Rfe8 25.
Rxe8+ Rxe8 26. h4 Rd8 27. c4 Rd3 28. Re1 Kf8 29. Re3 Rd4 30. g3 f6 31. Kg2 Kf7 32.
h5 g6 33. hxg6+ hxg6 34. f4 f5 35. Kh3 Kf6 36. Rf3 g5 37. fxg5+ Kxg5 38. Kg2 Rd2+ 39. Rf2 Rxf2+ 40. Kxf2 Kg4 41. Kg2 f4 42. gxf4 Kxf4 43.
Kf2 Ke4 44. Ke2 Kd4 45. Kd2 a4 46. Kc2 axb3+ 47. Kxb3 Kd3 48. Ka4 Kxc4 49. Ka3 b5 50. Kb2 Kb4 51. Kc2 c4 52. Kb2 c3+ 53. Kc2 Kc4 54.
Kc1 Kb3 55. Kb1 c2+ 56. Kc1 b4 57. Kd2 Kb2 58. Kd3 c1=Q 59. Kd4 Qc3+ 60. Kd5 b3 61. Ke4 Ka2 62. Kd5 b2 63. Kd6 b1=Q 64. Ke6 Qb5 65.
Kd6 Qcc6+ 66. Ke7 Qbb7+ 67. Kf8 Qcc8# 0-1

[Event "Live Chess"]
[Site "Chess.com"]
[Date "2023.09.16"]
[Round "-"]
[White "isanamie12"]
[Black "VitorEMS"]
[Result "1-0"]
[WhiteElo "809"]
[BlackElo "703"]
[TimeControl "900+5"]
[EndTime "7:46:10 PDT"]
[Termination "isanamie12 venceu por xeque-mate"]

1. d4 d5 2. c4 dxc4 3. e4 b5 4. a4 Bd7 5. b3 cxb3 6. axb5 e6 7.
Qxb3 Qh4 8. Nf3 Qxe4+ 9. Be2 a6 10. Nc3 Qb7 11. Ne5 Bd6 12. O-O axb5 13. Bf3 Qb6 14.
Rxa8 b4 15. Na4 Qxd4 16. Nxd7 Kxd7 17. Rxb8 c5 18. Nb6+ Kc7 19. Ra8 Kxb6 20. Qa4 Qc4 21. Qc6# 1-0

[Event "Live Chess"]
[Site "Chess.com"]
[Date "2023.09.16"]
[Round "-"]
[White "Alplee"]
[Black "Sabadin21"]
[Result "1-0"]
[WhiteElo "1949"]
[BlackElo "882"]
[TimeControl "900+5"]
[EndTime "7:46:41 PDT"]
[Termination "Alplee venceu por desistência"]

1. d4 d5 2. c4 dxc4 3. Nf3 Nc6 4. e3 Nf6 5. Bxc4 e6 6. Nc3 Bd7 7. O-O Bd6 8. Nb5 O-O 9. Nxd6 cxd6 10. b3 d5 11. Bd3 b6 12. Ba3 Re8 13. Rc1 Ne7 14. Qe2 Rc8 15. Rc2 Rxc2 16. Qxc2 Ng6 17. Bxg6 hxg6 18.
Rc1 Qc8 19. Ne5 Qxc2 20. Rxc2 Rc8 21. Rxc8+ Bxc8 22. Nc6 Ne4 23. Ne7+ Kf8 24. Nxc8+ Ke8 25. Nxa7 Nc3 26. Kf1 Nxa2 27. Ke2 Nc3+ 28. Kd3 Nb1 29. Bb2 1-0

[Event "Live Chess"]
[Site "Chess.com"]
[Date "2023.09.16"]
[Round "-"]
[White "DaviFuzatto"]
[Black "SaladaChess"]
[Result "1/2-1/2"]
[WhiteElo "1363"]
[BlackElo "1147"]
[TimeControl "900+5"]
[EndTime "7:46:56 PDT"]
[Termination "Partida empatada por acordo"]

1. e4 c6 2. d4 d5 3. e5 Bf5 4. Bd3 Bxd3 5. Qxd3 e6 6. c3 c5 7. Nf3 Nc6 8. O-O Nge7 9. Be3 cxd4 10. cxd4 Nf5 11. Nc3 Bb4 12. a3 Bxc3 13. bxc3 O-O 14. Rab1 b6 15. Ng5 h6 16. Nf3 Na5 17. Nd2 Nc6 18. f4 Re8 19. Rf3 Nh4 20. Rh3 Nf5 21.
g4 Nxe3 22. Qxe3 Rf8 23. Qd3 f6 24. Rf1 fxe5 25. dxe5 Rf7 26. Nb3 Qf8 27. Qe3 Qxa3 28. Nd4 Nxd4 29. Qxd4 Qc5 30. Qxc5 bxc5 31. Rhf3 Raf8 32.
Kg2 g5 33. f5 exf5 34. gxf5 a5 35. f6 a4 36. Ra1 Re8 37. Rf5 Kh7 38. Re1 Kg6 39.
Rf2 a3 40. Ra2 Rxf6 41. Rxa3 Rfe6 42. Ra5 Rxe5 43. Rxe5 Rxe5 44. Rxc5 Kf5 45. Kf3 g4+ 46. Kf2 Ke4 47. Rc6 h5 48. c4 dxc4 49. Rxc4+ Kd3 50.
Rc6 Re2+ 51. Kg3 Ke3 52. Re6+ Kd2 1/2-1/2

[Event "Live Chess"]
[Site "Chess.com"]
[Date "2023.09.16"]
[Round "-"]
[White "Mariafernanda2805"]
[Black "Corveloni_Ma"]
[Result "0-1"]
[WhiteElo "998"]
[BlackElo "1387"]
[TimeControl "900+5"]
[EndTime "7:48:29 PDT"]
[Termination "Corveloni_Ma venceu por xeque-mate"]

1. e4 c6 2. Bc4 d5 3. exd5 cxd5 4. Bd3 Nf6 5. Nf3 e6 6. O-O Be7 7. Nc3 O-O 8. b3 Nc6 9. Bb2 e5 10. Bb5 e4 11. Nh4 Nd4 12. Ba4 Bd7 13. g3 b5 14.
Bxb5 Nxb5 15. Nxb5 Bxb5 16. d3 exd3 17. cxd3 Qd6 18.
Rc1 Rac8 19. Qd2 Qb4 20. Bc3 Qd6 21. Bb2 Nd7 22. Rxc8 Rxc8 23. Rc1 Rxc1+ 24. Qxc1 h6 25. d4 Bxh4 26. gxh4 Qg6+ 27. Kh1 Qe4+ 28. Kg1 Qxh4 29. Qc8+ Nf8 30. Qc5 Qg4+ 31. Kh1 Qd1+ 32. Kg2 Qf1+ 33. Kf3 Be2+ 34. Ke3 Bg4 35. Ba3 Qe2+ 36. Kf4 Ne6+ 37. Kg3 Nxc5 38. Bxc5 Qf3+ 39. Kh4 g5# 0-1

[Event "Live Chess"]
[Site "Chess.com"]
[Date "2023.09.16"]
[Round "-"]
[White "VitorEMS"]
[Black "Sabadin21"]
[Result "1-0"]
[WhiteElo "735"]
[BlackElo "870"]
[TimeControl "900+5"]
[EndTime "7:48:50 PDT"]
[Termination "VitorEMS venceu por desistência"]

1. e4 e5 2. Nf3 Nc6 3. Bc4 Bc5 4.
O-O Nf6 5. d3 O-O 6. Nc3 d6 7. Be3 Bxe3 8. fxe3 Qe7 9. d4 exd4 10.
exd4 Be6 11. Bxe6 Qxe6 12. d5 Qd7 13. dxc6 Qxc6 14. Nd5 Nxe4 15. Ne7+ 1-0

[Event "Live Chess"]
[Site "Chess.com"]
[Date "2023.09.16"]
[Round "-"]
[White "Ruanfelipe2014"]
[Black "Rafael-2021"]
[Result "1-0"]
[WhiteElo "1010"]
[BlackElo "1002"]
[TimeControl "900+5"]
[EndTime "7:49:15 PDT"]
[Termination "Ruanfelipe2014 venceu por desistência"]

1. e4 e5 2. Nf3 Nc6 3. Bc4 d6 4.
d3 Bg4 5. h3 Bh5 6. g4 Bg6 7.
h4 h5 8. g5 f6 9. gxf6 Nxf6 10.
Nc3 Be7 11. Be3 Qd7 12. Bb5 O-O-O 13. Bxa7 d5 14. exd5 Nxd5 15. Nxe5 Nxc3 16. bxc3 Qd6 17. Nxc6 bxc6 18. Ba6+ Kd7 19. Rg1 Qe6+ 20. Qe2 Qxe2+ 21. Kxe2 Bf5 22. Rxg7 Rhg8 23. Rf7 Be6 24. Rf4 Bd6 25. Rd4 Ke8 26. Re4 Ke7 27. Bc4 Rg6 28. Be3 Rb8 29. Bg5+ Kd7 30. Rf1 Bxc4 31. dxc4 Re6 32. Rxe6 Kxe6 33.
Re1 Rb2 34. Kd3+ Kd7 35. Rd1 Rxa2 36. Ke4 Kc8 37. Rd2 Ra5 38. f4 Ba3 39. Rd8+ Kb7 40. f5 Bd6 41. f6 Ra8 42. Rxa8 Kxa8 43. f7 Kb8 44. Kf5 Kc8 45. Bh6 Kd7 46. f8=Q Bxf8 47. Bxf8 c5 48. Bxc5 Kc6 49. Bb4 1-0

[Event "Live Chess"]
[Site "Chess.com"]
[Date "2023.09.16"]
[Round "-"]
[White "guilhermemazza"]
[Black "AnaHelenaAulicino"]
[Result "0-1"]
[WhiteElo "431"]
[BlackElo "634"]
[TimeControl "900+5"]
[EndTime "7:52:19 PDT"]
[Termination "AnaHelenaAulicino venceu por xeque-mate"]

1. e4 e5 2. d3 Nf6 3. Bg5 Bc5 4. Bxf6 Qxf6 5. Qf3 Qb6 6. Nc3 Qxb2 7. Rb1 Qxc2 8. Nd5 Qxb1+ 9. Ke2 O-O 10. Nxc7 Nc6 11. Nxa8 Nd4+ 12. Kd2 Nxf3+ 13. gxf3 Qxf1 14. Ne2 Qxh1 15. Ng3 Qxf3 16. Nf5 Qxf2+ 17. Kc3 Qxa2 18. Ne7+ Bxe7 19. Nb6 axb6 20. h4 Bxh4 21. d4 exd4+ 22. Kxd4 Qb2+ 23.
Kd3 Bg5 24. e5 Qd2+ 25. Kc4 Qf4+ 26. Kd5 Qf5 27. Kc4 Qxe5 28. Kb4 Qb5+ 29. Kxb5 Be3 30. Kc4 f5 31. Kd3 f4 32. Ke4 g5 33. Kf3 Re8 34. Kg4 Bc1 35. Kxg5 Rf8 36. Kh6 f3+ 37. Kh5 f2 38.
Kg4 f1=Q 39. Kh5 Qg1 40. Kh4 Rf4+ 41. Kh5 Rf2 42. Kh4 Rh2# 0-1

[Event "Live Chess"]
[Site "Chess.com"]
[Date "2023.09.16"]
[Round "-"]
[White "Corveloni_Ma"]
[Black "Sabadin21"]
[Result "1-0"]
[WhiteElo "1388"]
[BlackElo "869"]
[TimeControl "900+5"]
[EndTime "7:52:54 PDT"]
[Termination "Corveloni_Ma venceu por xeque-mate"]

1. d4 d5 2. c4 Nc6 3. Nf3 dxc4 4. Nbd2 Nf6 5. e3 e6 6. Bxc4 Bd7 7. O-O Bd6 8. Qc2 O-O 9. e4 Qe7 10. e5 Nxe5 11.
dxe5 Bc5 12. exf6 Qxf6 13. Ne4 Qe7 14. Ne5 Rad8 15. Rd1 Bd6 16. Nxd6 cxd6 17. Nxd7 Rxd7 18. b4 Rc7 19. Bb2 d5 20. Qc3 Rxc4 21. Qxg7# 1-0

[Event "Live Chess"]
[Site "Chess.com"]
[Date "2023.09.16"]
[Round "-"]
[White "Alplee"]
[Black "SaladaChess"]
[Result "1-0"]
[WhiteElo "1949"]
[BlackElo "1147"]
[TimeControl "900+5"]
[EndTime "7:54:16 PDT"]
[Termination "Alplee venceu por xeque-mate"]

1. d4 Nf6 2. c4 e6 3. Nf3 Nc6 4. Nc3 Bb4 5. e3 Bxc3+ 6. bxc3 d5 7. cxd5 exd5 8. Bd3 O-O 9. O-O Bg4 10. h3 Bh5 11.
Ba3 Re8 12. Be2 Ne4 13. Bb2 h6 14. Nd2 Bxe2 15. Qxe2 Nxd2 16. Qxd2 Ne7 17. Rac1 Nf5 18. c4 c6 19. cxd5 cxd5 20. Rc2 Nh4 21. Rfc1 Qg5 22. f4 Nf3+ 23. Kh1 Nxd2 24. fxg5 Ne4 25. gxh6 gxh6 26. Rc7 Nf2+ 27. Kg1 Nd3 28. R1c2 Nxb2 29. Rxb2 Rxe3 30. Rbxb7 Rae8 31. Rxf7 Re1+ 32. Kh2 R8e2 33. Rfd7 Rxa2 34. Rb8+ Re8 35. Rxe8# 1-0

[Event "Live Chess"]
[Site "Chess.com"]
[Date "2023.09.16"]
[Round "-"]
[White "asafefausto"]
[Black "PedroRossi14"]
[Result "0-1"]
[WhiteElo "542"]
[BlackElo "525"]
[TimeControl "900+5"]
[EndTime "7:55:41 PDT"]
[Termination "PedroRossi14 venceu por xeque-mate"]

1. e4 c6 2. d4 d5 3. exd5 cxd5 4. Bb5+ Nc6 5. Nc3 Nf6 6. Nf3 e6 7. O-O Bd6 8. Bg5 O-O 9. Qd2 a6 10. Rad1 axb5 11. Rfe1 Bb4 12. Qd3 Re8 13. Nxb5 Bxe1 14. Nxe1 Rxa2 15. Bxf6 Qxf6 16. Nc7 Rd8 17. Qf3 Qe7 18.
Nxd5 exd5 19. Qe3 Qd6 20. Nd3 Bd7 21. Nc5 Re8 22. Nxb7 Qc7 23. Qb3 Ra7 24. Nc5 Bf5 25. Qxd5 g6 26. f3 Rd8 27. Qc4 Na5 28. Na6 Qxc4 29.
Nb8 Rxb8 30. Rb1 Qxd4+ 31. Kf1 Bxc2 32. Re1 Rxb2 33. Re4 Rb1+ 34. Re1 Bd3# 0-1

[Event "Live Chess"]
[Site "Chess.com"]
[Date "2023.09.16"]
[Round "-"]
[White "guilhermemazza"]
[Black "Ruanfelipe2014"]
[Result "0-1"]
[WhiteElo "428"]
[BlackElo "1011"]
[TimeControl "900+5"]
[EndTime "7:56:31 PDT"]
[Termination "Ruanfelipe2014 venceu por desistência"]

1. e4 e5 2. f3 Bc5 3. c4 d6 4. a3 Nc6 5. b4 Bd4 6. b5 Bxa1 7. bxc6 bxc6 8. Qa4 Bd7 9. Qa6 Rb8 10.
Qxa7 Rxb1 11. Kd1 Bb2 12. Qb7 Rxc1+ 13. Ke2 Bxa3 14. c5 dxc5 15. Nh3 Bxh3 16. gxh3 Bb4 17. Qxc6+ Ke7 18. Qe6+ fxe6 0-1

[Event "Live Chess"]
[Site "Chess.com"]
[Date "2023.09.16"]
[Round "-"]
[White "RyanDiniz2011"]
[Black "pedromiguelchess"]
[Result "1-0"]
[WhiteElo "1577"]
[BlackElo "1107"]
[TimeControl "900+5"]
[EndTime "7:56:43 PDT"]
[Termination "RyanDiniz2011 venceu por xeque-mate"]

1. d4 Nf6 2. c4 e6 3. Nc3 c5 4.
dxc5 Bxc5 5. Bf4 Nc6 6. e3 d5 7. cxd5 exd5 8. Nf3 O-O 9. Bb5 Ne7 10. O-O a6 11. Ba4 Bf5 12. Bg5 Ne4 13. Nxe4 Bxe4 14. Nd4 Bxd4 15. Qxd4 Nf5 16. Qxe4 dxe4 17. Bxd8 Raxd8 18.
Rad1 b5 19. Bb3 Ne7 20. Bc2 f5 21. Rxd8 Rxd8 22. Rd1 Rc8 23. Bb3+ Kf8 24. h3 g5 25.
Rd6 Rc6 26. Re6 Rxe6 27. Bxe6 a5 28. f3 exf3 29. gxf3 Kg7 30. e4 Kf6 31. exf5 Nxf5 32. Bg8 h6 33. Kf2 Nh4 34. Bd5 Ke5 35. Bc6 b4 36.
Ke3 Kf5 37. Bd7+ Ke5 38. Bg4 Ng6 39. Kd3 Nf4+ 40. Kc4 Kd6 41. Kb5 Nd3 42. Kxa5 Nxb2 43. Kxb4 Nd3+ 44. Kc3 Nc5 45. Kb4 Kc6 46. a4 Kd6 47. a5 Kc6 48. Kc4 Na6 49. Bc8 Nc7 50. a6 Kb6 51. Kd4 Nxa6 52. Bxa6 Kxa6 53. Ke5 Kb5 54. Kf5 Kc4 55. Kg6 Kd3 56. Kxh6 Ke3 57. Kxg5 Kxf3 58. h4 Ke4 59. h5 Ke5 60. h6 Ke6 61.
Kg6 Ke7 62. h7 Ke6 63. h8=Q Kd5 64. Qf6 Ke4 65. Kg5 Kd5 66. Kf4 Kc5 67. Ke4 Kc4 68.
Qd4+ Kb5 69. Kd5 Ka6 70. Kc6 Ka5 71. Kc5 Ka6 72. Qd6+ Kb7 73. Qc6+ Kb8 74. Kd6 Ka7 75. Qb5 Ka8 76. Kc7 Ka7 77. Qb7# 1-0

[Event "Live Chess"]
[Site "Chess.com"]
[Date "2023.09.16"]
[Round "-"]
[White "Highlanderson"]
[Black "lgomessc"]
[Result "0-1"]
[WhiteElo "1488"]
[BlackElo "1167"]
[TimeControl "900+5"]
[EndTime "7:57:36 PDT"]
[Termination "lgomessc venceu por desistência"]

1. e4 e5 2. Nf3 Nc6 3. a3 Bc5 4. Nxe5 Nxe5 5. d4 Bxd4 6. Qxd4 Nc6 7. Qd1 Nf6 8. Nc3 O-O 9. Bd3 d6 10. O-O Bg4 11. Be2 Bxe2 12. Qxe2 Nd4 13. Qd3 c5 14.
Be3 Qb6 15. Bxd4 cxd4 16. Na4 Qc6 17. Qxd4 Qxc2 18. Rac1 Qxe4 19. Qxe4 Nxe4 20. Rc7 b5 21. Nc3 Nxc3 22. Rxc3 Rfe8 23. Rd3 Re2 24. Rb3 a6 25. h3 d5 26. Rd1 Rd8 27. Kf1 Re5 28. Rbd3 f5 29. b4 g5 30. Re1 Rxe1+ 31. Kxe1 Kf7 32. Ke2 Kf6 33. Ke3 f4+ 34. Kf3 h5 35. g4 h4 36. Kg2 Ke5 37. f3 Rc8 38. Rd2 Rc3 39. Ra2 d4 40. Kf2 d3 41. Ke1 d2+ 42. Rxd2 Rxf3 43. Re2+ Kd4 44. Rh2 Rxa3 45. Rd2+ Rd3 46.
Rxd3+ Kxd3 0-1

[Event "Live Chess"]
[Site "Chess.com"]
[Date "2023.09.16"]
[Round "-"]
[White "Rafael-2021"]
[Black "AnaHelenaAulicino"]
[Result "1-0"]
[WhiteElo "1012"]
[BlackElo "632"]
[TimeControl "900+5"]
[EndTime "7:58:07 PDT"]
[Termination "Rafael-2021 venceu por xeque-mate"]

1. e4 e5 2. Nf3 Nf6 3. Nxe5 d6 4.
Nf3 Nxe4 5. d3 Nc5 6. Be3 Nxd3+ 7. Bxd3 Bg4 8. Nc3 Bxf3 9. Qxf3 d5 10. Nxd5 Bd6 11. Nc3 O-O 12. O-O Qh4 13. h3 Re8 14. Qg4 Qxg4 15. hxg4 Bb4 16. g3 Bxc3 17. bxc3 Nc6 18.
Kg2 Ne5 19. Be4 Nxg4 20. Bxb7 Rab8 21. Bf3 Nxe3+ 22. fxe3 Rxe3 23. Rfe1 Rxc3 24. Re2 Rb2 25. Re8# 1-0

[Event "Live Chess"]
[Site "Chess.com"]
[Date "2023.09.16"]
[Round "-"]
[White "CauaLopes12"]
[Black "isanamie12"]
[Result "1-0"]
[WhiteElo "1333"]
[BlackElo "808"]
[TimeControl "900+5"]
[EndTime "7:58:14 PDT"]
[Termination "CauaLopes12 venceu por desistência"]

1. e4 e5 2. Nf3 Nc6 3. Bc4 Bc5 4. c3 Nf6 5. d3 O-O 6. O-O d6 7. h3 h6 8. Re1 Re8 9. Nbd2 Be6 10. Bb5 Qd7 11.
Ba4 a6 12. Nf1 b5 13. Bc2 Ba7 14. Ng3 Ne7 15. d4 Qc6 16. d5 Qb6 17. Be3 Qb7 18.
Bxa7 Bd7 19. Be3 c6 20. dxc6 Bxc6 21. Bd2 d5 22. exd5 Nexd5 23. Nxe5 Nc7 24. Nxc6 Qxc6 25. Rxe8+ Rxe8 26. Nf5 Ncd5 27. Qf3 Re5 28. Nd4 Qb7 29. Bb3 g6 30. Bxh6 Nh5 31. g4 Nhf6 32. Bf4 Re7 33.
Bg5 Rd7 34. Bxf6 1-0

[Event "Live Chess"]
[Site "Chess.com"]
[Date "2023.09.16"]
[Round "-"]
[White "VitorEMS"]
[Black "Mariafernanda2805"]
[Result "0-1"]
[WhiteElo "727"]
[BlackElo "1001"]
[TimeControl "900+5"]
[EndTime "7:58:31 PDT"]
[Termination "Mariafernanda2805 venceu por desistência"]

1. e4 c5 2. Nf3 d6 3. Nc3 Nf6 4. Bc4 g6 5. d3 Bg7 6. O-O O-O 7. Be3 Nc6 8. Nd5 Bd7 9. Nxf6+ Bxf6 10. c3 Be6 11.
Bxe6 fxe6 12. d4 cxd4 13. cxd4 d5 14. exd5 Qxd5 15. Qd2 Bg7 16. Rfd1 Rad8 17. Ne5 Bxe5 18. dxe5 Qxe5 19. Qe2 b6 20. Rxd8 Rxd8 21. h3 Nd4 22. Qd3 Nf3+ 23. gxf3 Rxd3 24. Rc1 Kg7 25. Re1 Qa5 26.
Rc1 Qxa2 27. Rc7 Qa1+ 28. Kg2 Qxb2 29. Rxe7+ Kf6 30. Rxh7 Rxe3 31. Kg3 Re5 32. Rh4 Qc1 33. Rf4+ Kg5 34. h4+ Kh5 35. Rg4 Qg1+ 36. Kh3 Qf1+ 37. Kh2 Qxf2+ 0-1

[Event "Live Chess"]
[Site "Chess.com"]
[Date "2023.09.16"]
[Round "-"]
[White "Sabadin21"]
[Black "Alplee"]
[Result "0-1"]
[WhiteElo "869"]
[BlackElo "1949"]
[TimeControl "900+5"]
[EndTime "8:00:29 PDT"]
[Termination "Alplee venceu por xeque-mate"]

1. e4 c6 2. Nc3 d5 3. d3 Nf6 4.
exd5 Nxd5 5. Nxd5 cxd5 6. Be2 e6 7. Be3 Bd6 8. Nf3 Nc6 9. O-O O-O 10. Qd2 e5 11. d4 e4 12. Ne1 Qc7 13. g3 Bh3 14. f3 Bxf1 15. Kxf1 exf3 16. Bxf3 Ne7 17. c3 Qd7 18. Bd1 Qh3+ 19. Ng2 Qxh2 20. Bc2 Qh1+ 21. Bg1 Bxg3 22. Qd3 Bd6 23. Ne1 g6 24. Bb3 Bh2 25. Qe3 Bxg1 26. Qxg1 Qxg1+ 27. Kxg1 a5 28. Nf3 f6 29.
Re1 Rfe8 30. c4 a4 31. Bc2 dxc4 32. Re6 Nd5 33. Rxe8+ Rxe8 34. Kf2 h5 35. Bxa4 Re7 36. b3 cxb3 37. Bxb3 Rd7 38. Nd2 Kg7 39. Bxd5 Rxd5 40. Ne4 Rxd4 41. Ke3 Rxe4+ 42. Kxe4 g5 43. Kf3 Kg6 44.
Kg3 g4 45. Kh4 f5 46. Kg3 Kg5 47. Kg2 f4 48. Kh2 f3 49. Kg1 h4 50. Kf2 Kf4 51. Kg1 g3 52. Kh1 f2 53. Kg2 h3+ 54. Kf1 Kf3 55.
a4 g2# 0-1

[Event "Live Chess"]
[Site "Chess.com"]
[Date "2023.09.16"]
[Round "-"]
[White "PedroRossi14"]
[Black "Ruanfelipe2014"]
[Result "0-1"]
[WhiteElo "524"]
[BlackElo "1012"]
[TimeControl "900+5"]
[EndTime "8:00:55 PDT"]
[Termination "Ruanfelipe2014 venceu por desistência"]

1. e4 e5 2. Nf3 Nc6 3. d4 exd4 4. Nxd4 Bc5 5. Be3 Nxd4 6. Bxd4 Bb6 7. Bc4 Nf6 8. Nc3 Qe7 9. Bd3 Bxd4 10. O-O Bxc3 11. bxc3 O-O 12. Re1 d6 13. Qe2 Ng4 14. Qf3 Qh4 15. g3 Qxh2+ 16. Kf1 Qh5 17. Re3 Nh2+ 0-1

[Event "Live Chess"]
[Site "Chess.com"]
[Date "2023.09.16"]
[Round "-"]
[White "Rafael-2021"]
[Black "isanamie12"]
[Result "1-0"]
[WhiteElo "1032"]
[BlackElo "804"]
[TimeControl "900+5"]
[EndTime "8:01:44 PDT"]
[Termination "Rafael-2021 venceu por xeque-mate"]

1. e4 e5 2. Nf3 Nc6 3. Bc4 Bc5 4.
d3 Nf6 5. Nc3 O-O 6. h3 d6 7. Bg5 h6 8. Bh4 g5 9. Bg3 a6 10. Qd2 Bb4 11. O-O-O Bxc3 12. Qxc3 Nd4 13. Nxd4 exd4 14. Qxd4 b6 15. f4 c5 16. Qc3 Re8 17.
fxg5 hxg5 18. h4 gxh4 19. Bxh4 Qd7 20. Bxf6 Qg4 21. Rh8# 1-0

[Event "Live Chess"]
[Site "Chess.com"]
[Date "2023.09.16"]
[Round "-"]
[White "guilhermemazza"]
[Black "asafefausto"]
[Result "1/2-1/2"]
[WhiteElo "439"]
[BlackElo "526"]
[TimeControl "900+5"]
[EndTime "8:02:11 PDT"]
[Termination "Partida empatada por acordo"]

1. e4 e5 2. c4 c6 3. d3 d5 4. b4 dxc4 5. a3 cxd3 6. Bxd3 Nf6 7. Nc3 Bg4 8. f3 c5 9. bxc5 Be6 10. Bb5+ Bd7 11.
Bxd7+ Qxd7 12. Qxd7+ Nbxd7 13. Rb1 O-O-O 14. Nge2 Nxc5 15. O-O Bd6 16. Rd1 Rhe8 17. Nb5 Re6 18. Rxd6 Rexd6 19.
Nxd6+ Rxd6 20. Be3 Nd3 21. Bc5 Nxc5 22. Rc1 1/2-1/2

[Event "Live Chess"]
[Site "Chess.com"]
[Date "2023.09.16"]
[Round "-"]
[White "Highlanderson"]
[Black "RyanDiniz2011"]
[Result "1/2-1/2"]
[WhiteElo "1491"]
[BlackElo "1563"]
[TimeControl "900+5"]
[EndTime "8:02:11 PDT"]
[Termination "Partida empatada por acordo"]

1. e4 e6 2. d4 d5 3. exd5 exd5 4.
Bd3 Be6 5. c3 Nf6 6. h3 Bd6 7. Nf3 Nc6 8. O-O O-O 9. Bg5 h6 10.
Bh4 Be7 11. Bb5 Qd7 12. Ne5 Qd6 13. Bg3 Qd8 14. Bxc6 bxc6 15. Nxc6 Qd7 16. Nxe7+ Qxe7 17. Na3 Rfe8 18. Nb5 Rec8 19. Re1 Qd7 20. Qb3 Rab8 21. a4 a6 1/2-1/2

[Event "Live Chess"]
[Site "Chess.com"]
[Date "2023.09.16"]
[Round "-"]
[White "AnaHelenaAulicino"]
[Black "CauaLopes12"]
[Result "0-1"]
[WhiteElo "632"]
[BlackElo "1333"]
[TimeControl "900+5"]
[EndTime "8:02:54 PDT"]
[Termination "CauaLopes12 venceu por desistência"]

1. e4 e5 2. Nf3 Nf6 3. Nxe5 d6 4. Bc4 dxe5 5. O-O Nxe4 6. Re1 Nf6 7. Rxe5+ Be7 8. d4 O-O 9. Qf3 Ng4 10. Qg3 Nxe5 11. Bh6 Bf6 12. dxe5 Bxe5 13. Qxe5 gxh6 14. Nd2 Qxd2 15. Qxc7 Qg5 16. Qxc8 Qd2 17. Qxb7 Qxc2 18. b3 Qb2 19. Re1 Qd2 20. Rf1 Nd7 0-1